AoeStats
← bautiappiolaza62

Arena

504608618Analyzed
1v1 RM · 27d ago on Sep 5, 2026· 55m 40s· 2 players
Game mode
Random Map
Map size
Tiny (2 player)
Population
200
Speed
Normal
Resources
Standard
Victory
Conquest
Starting age
Dark Age
Ending age
Imperial Age
RankedLock teamsTeams togetherTeam positionsShared explorationLock speedFull tech treeHidden civsTurbo modeCheats
Victory
Defeat
🇺🇸 Bohemians · United States
402
+11
🇦🇷 Gurjaras · Argentina
289
-11
bautiappiolaza62
6:38 Loom
12:05 Feudal Age
18:36 Double-Bit Axe
20:00 Gold Mining
21:25 Wheelbarrow
23:55 Castle Age
23:26 Bloodlines
23:30 Scale Barding Armor
23:43 Horse Collar
23:57 Stone Mining
26:56 Forging
27:57 Treadmill Crane
29:16 Gold Shaft Mining
29:00 Bow Saw
29:14 Husbandry
31:45 Hand Cart
31:21 Town Watch
34:17 Ballistics
33:27 Crossbowman
38:35 Imperial Age
40:38 Chemistry
43:01 Elite Shrivamsha Rider
43:47 Murder Holes
44:46 Thumb Ring
45:55 Chain Barding Armor
52:57 Fortified Wall
N00BN00B
10:52 Feudal Age
12:08 Wheelbarrow
11:18 Horse Collar
11:27 Double-Bit Axe
23:05 Castle Age
21:47 Scale Mail Armor
21:40 Fletching
24:04 Hand Cart
23:53 Pikeman
24:40 Heavy Plow
24:54 Bow Saw
31:21 Chemistry
30:42 Ballistics
36:22 Imperial Age
36:32 Town Watch
37:01 Elite Hussite Wagon
40:12 Heavy Scorpion
40:16 Houfnice
44:13 Halberdier
51:58 Two-Man Saw
Connection lost

Rejoining the realm…

Still unreachable

The connection could not be restored.

Session expired

The server has moved on; the page needs a fresh start.